Map: Frozen Temple

Players

Pokebunny - Winner!

  • Race: Terran Terran
  • League: Grandmaster

RoO

  • Race: Terran Terran
  • League: Grandmaster

VOD

Have the link to the VOD?

Description

Time

  • Played on: April 7, 2016, 1:31 a.m.
  • Length: 6:12
Show
View Real Time Build Order
Export as new Build Order

Pokebunny Terran - Winner!

Build Orders: 1/1/1 

Get SALT Encoding   

  12  0:01  SCV  
  13  0:13  SCV  
  14  0:18  Supply Depot  
  14  0:25  SCV  
  15  0:30  Refinery  
  15  0:39  SCV  
  16  0:44  Barracks  
  16  0:51  SCV  
  17  1:03  SCV  
  18  1:15  SCV  
  19  1:31  Orbital Command, Marine  
  20  1:32  Refinery  
  20  1:35  Factory  
  20  1:45  Supply Depot  
  20  1:49  Marine  
  21  1:58  SCV  
  22  2:07  Barracks Reactor  
  22  2:10  SCV  
  22  2:21  Factory Tech Lab, Starport  
  22  2:22  SCV  
  23  2:25  Supply Depot  
  23  2:34  SCV  
  24  2:40  Siege Tank  
  24  2:44  Marine x2  
  27  2:46  SCV  
  30  2:56  Supply Depot  
  30  2:58  Medivac  
  32  3:02  Marine x2  
  32  3:04  SCV  
  35  3:19  Marine  
  35  3:20  Marine  
  35  3:21  Siege Tank  
  35  3:26  Supply Depot  
  40  3:37  Marine x2  
  40  3:39  Viking  
  43  3:53  SCV  
  44  3:58  Marine x2  
  44  4:00  Siege Tank  
  49  4:18  Marine x2  
  49  4:19  Viking  
  53  4:36  Marine x2  
  53  4:59  Marine  
  53  5:00  Command Center  
  53  5:01  Barracks  
  54  5:16  Marine  
  55  5:24  Marine  
  53  5:34  Marine  
  54  5:40  Siege Tank  
  54  5:42  Marine  
  38  5:52  Marine  
  38  5:53  Barracks Tech Lab  
  36  5:57  Starport Reactor  
  36  5:58  Command Center  
Show
View Real Time Build Order
Export as new Build Order

RoO Terran 

Build Orders: Reaper Expand 

Get SALT Encoding   

  12  0:00  SCV  
  13  0:12  SCV  
  14  0:18  Supply Depot  
  14  0:25  SCV  
  15  0:39  SCV  
  15  0:41  Barracks  
  16  0:44  Refinery  
  16  0:52  SCV  
  17  1:04  SCV  
  18  1:16  SCV  
  19  1:29  Orbital Command  
  19  1:30  Reaper  
  20  1:46  Command Center  
  20  1:55  SCV  
  21  2:01  Marine  
  21  2:03  Supply Depot  
  21  2:07  SCV  
  23  2:11  Factory  
  23  2:24  Refinery, SCV  
  23  2:26  Bunker  
  23  2:28  Marine  
  25  2:37  SCV  
  26  2:48  Marine  
  26  2:49  SCV  
  28  2:56  Starport, Widow Mine  
  30  2:59  Orbital Command  
  30  3:06  SCV  
  30  3:08  Barracks Reactor  
  31  3:18  SCV  
  32  3:24  Supply Depot  
  32  3:30  SCV  
  32  3:33  Factory Tech Lab, Viking  
  35  3:34  SCV  
  36  3:42  SCV  
  36  3:43  Bunker  
  37  3:49  Marine x2, SCV  
  37  3:54  Siege Tank  
  43  4:06  Viking  
  43  4:07  Marine x2  
  44  4:19  SCV x2  
  46  4:38  Orbital Command  
  46  4:40  SCV  
  42  4:52  SCV  
  43  5:00  Marine x2  
  43  5:01  Siege Tank  
  43  5:04  Viking  
  43  5:06  SCV x2  
  52  5:09  Supply Depot  
  49  5:18  Marine x2  
  46  5:30  SCV  
  45  5:38  Supply Depot  
  27  5:59  Barracks  
  27  6:00  Barracks  
  27  6:01  Barracks  
Tags
 
Add a new tag
Caveats
  • Supply blocks, unpowered buildings, or Contaminate may cause inaccurate times.
  • Supply counts are checked every 10 seconds.